 Dungeon Crawl Stone Soup version 0.27.1-3-gb3d3a73c9e (webtiles) character file.

Game seed: 6883794078843563842

206377 CuBeRJAN3 the Eclecticist (level 18, -6/113 HPs)
             Began as a Deep Elf Fire Elementalist on Oct 20, 2021.
             Was a High Priest of Sif Muna.
             Killed from afar by a shock serpent (13 damage)
             ... with a bolt of electricity
             ... on level 1 of the Snake Pit on Oct 22, 2021.
             The game lasted 03:41:22 (52243 turns).

CuBeRJAN3 the Eclecticist (DEFE)                   Turns: 52243, Time: 03:41:23

Health: -6/113     AC: 14    Str:  5    XL:     18   Next: 6%
Magic:  49/51      EV: 13    Int: 28    God:    Sif Muna [*****.]
Gold:   1324       SH:  0    Dex: 15    Spells: 2/54 levels left

rFire    + + +     SeeInvis .   R - staff of fire
rCold    . . .     Faith    .   (no shield)
rNeg     . . .     Spirit   .   d - +1 leather armour of Rotation {Int+2}
rPois    +         Reflect  .   q - +0 helmet
rElec    .         Harm     .   I - +2 cloak {Will+}
rCorr    .         Rampage  .   S - +2 pair of gloves
Will     +++..                  Z - +2 pair of boots {Stlth+}
Stlth    ++++......             s - amulet of regeneration
HPRegen  1.28/turn              V - ring of willpower
MPRegen  0.32/turn              K - ring "Xyoq" {Fly rPois rF++ MP+9 Dex-3}

@: lethally poisoned (-6 -> -6), flying, constricted
A: no striking features
}: 1/15 runes: decaying
a: Renounce Religion, Channel Magic, Forget Spell, Divine Exegesis


You were on level 1 of the Snake Pit.
You worshipped Sif Muna.
Sif Muna was extremely pleased with you.
You visited 6 branches of the dungeon, and saw 30 of its levels.

You collected 2798 gold pieces.
You spent 1474 gold pieces at shops.

Inventory:

Armour
 d - the +1 leather armour of Rotation (worn) {Int+2}
   (You found it on level 3 of the Swamp)

   Int:       It affects your intelligence (+2).
 q - a +0 helmet (worn)
 I - a +2 cloak of willpower (worn)
 L - a +2 robe of cold resistance
 S - a +2 pair of gloves (worn)
 Z - a +2 pair of boots of stealth (worn)
Magical Staves
 G - a staff of conjuration
 R - a staff of fire (weapon)
Jewellery
 s - an amulet of regeneration (around neck)
 K - the ring "Xyoq" (right hand) {Fly rPois rF++ MP+9 Dex-3}
   (You bought it in a shop on level 2 of the Orcish Mines)

   [ring of magical power]

   Dex:       It affects your dexterity (-3).
   rF:        It greatly protects you from fire.
   rPois:     It protects you from poison.
   MP:        It affects your magic capacity (+9).
   Fly:       It grants you flight.
 O - a ring of fire
 P - a +6 ring of intelligence
 V - a ring of willpower (left hand)
Wands
 a - a wand of polymorph (27)
 n - a wand of flame (49)
 o - a wand of acid (20)
 w - a wand of charming (10)
 J - a wand of digging (16)
 N - a wand of iceblast (13)
 T - a wand of paralysis (8)
Scrolls
 e - 13 scrolls of teleportation
 f - 5 scrolls of fog
 g - a scroll of identify
 k - 6 scrolls of fear
 u - 2 scrolls of immolation
 v - 3 scrolls of enchant weapon
 x - 4 scrolls of magic mapping
 y - 9 scrolls of amnesia
 B - 6 scrolls of noise
 D - 3 scrolls of brand weapon
 H - 4 scrolls of vulnerability
 Q - a scroll of blinking
 W - 3 scrolls of holy word
 X - 3 scrolls of silence
Potions
 b - 6 potions of mutation
 c - 3 potions of haste
 i - 2 potions of resistance
 j - a potion of magic
 l - 5 potions of lignification
 p - 6 potions of attraction
 r - 5 potions of might
 t - 4 potions of curing
 z - 2 potions of heal wounds
 A - a potion of ambrosia
 C - a potion of flight {unknown}
 M - 4 potions of invisibility
 Y - 3 potions of cancellation
Miscellaneous
 h - a phial of floods
 F - a piece from Xom's chessboard (15/15)
 U - a phantom mirror


   Skills:
 * Level 12.6 Fighting
 + Level 9.3 Staves
 + Level 11.1 Dodging
 - Level 5.1 Stealth
 * Level 18.6 Spellcasting
 + Level 11.7 Conjurations
 - Level 5.1 Hexes
 + Level 10.8 Translocations
 + Level 12.1 Fire Magic
 + Level 3.2 Air Magic
 + Level 10.1 Invocations
 + Level 10.1 Evocations


You had 2 spell levels left.
You knew the following spells:

 Your Spells              Type           Power      Damage    Failure   Level
a - Foxfire               Conj/Fire      100%       2x1d9     1%          1
b - Conjure Flame         Conj/Fire      96%        6-21      1%          3
c - Inner Flame           Hex/Fire       84%        N/A       1%          3
d - Sticky Flame          Conj/Fire      96%        2d11      1%          4
e - Fireball              Conj/Fire      48%        3d19      1%          5
f - Tukima's Dance        Hex            53%        N/A       1%          3
g - Ensorcelled Hibernat  Hex/Ice        80%        N/A       1%          2
h - Gell's Gravitas       Tloc           36%        N/A       1%          3
i - Teleport Other        Tloc           72%        N/A       1%          3
j - Dispersal             Tloc           36%        N/A       4%          6
k - Slow                  Hex            53%        N/A       1%          2
l - Iskenderun's Mystic   Conj/Tloc      73%        2d15      1%          4
m - Passage of Golubria   Tloc           N/A        N/A       1%          4
n - Fulminant Prism       Conj/Hex       32%        3d16      1%          4
o - Lightning Bolt        Conj/Air       30%        1d47      3%          5

Your spell library contained the following spells:

 Spells                   Type           Power      Damage    Failure   Level
 Corona                   Hex            58%        N/A       1%          1
 Magic Dart               Conj           100%       1d8       1%          1
 Shock                    Conj/Air       100%       1d9       1%          1
 Static Discharge         Conj/Air       61%        N/A       1%          2
 Animate Skeleton         Necr           52%        N/A       2%          1
 Pain                     Necr           100%       1d9       2%          1
 Corpse Rot               Necr/Air       N/A        N/A       2%          2
 Poisonous Vapours        Pois/Air       70%        N/A       2%          2
 Passwall                 Tmut/Erth      21%        N/A       4%          2
 Wereblood                Tmut           26%        N/A       4%          2
 Confusing Touch          Hex            53%        N/A       1%          3
 Lesser Beckoning         Tloc           36%        N/A       1%          3
 Mephitic Cloud           Conj/Pois/Air  52%        N/A       1%          3
 Iskenderun's Battlesphe  Conj           75%        2d12      1%          5
 Irradiate                Conj/Tmut      28%        3d22      7%          5
 Airstrike                Air            22%        N/A       8%          4
 Ozocubu's Armour         Ice            26%        N/A       9%          3
 Spider Form              Tmut/Pois      13%        N/A       9%          3
 Vampiric Draining        Necr           13%        2d7       9%          3
 Leda's Liquefaction      Hex/Erth       20%        N/A       10%         4
 Freezing Cloud           Conj/Ice/Air   26%        6-21      10%         5
 Summon Lightning Spire   Summ/Air       35%        N/A       14%         4
 Orb of Destruction       Conj           37%        9d13      19%         7
 Conjure Ball Lightning   Conj/Air       30%        3x3d10    21%         6
 Metabolic Englaciation   Hex/Ice        20%        N/A       26%         5
 Summon Mana Viper        Hex/Summ       40%        N/A       26%         5
 Yara's Violent Unravell  Hex/Tmut       20%        3d9       26%         5
 Invisibility             Hex            26%        N/A       45%         6
 Agony                    Necr           26%        N/A       61%         5
 Blade Hands              Tmut           13%        N/A       61%         5
 Excruciating Wounds      Necr           13%        N/A       61%         5
 Lee's Rapid Deconstruct  Erth           13%        3d10*     61%         5
 Eringya's Noxious Bog    Tmut/Pois      13%        N/A       99%         6
 Shadow Creatures         Summ           N/A        N/A       99%         6
 Simulacrum               Ice/Necr       13%        N/A       99%         6
 Discord                  Hex            26%        N/A       100%        8
 Maxwell's Capacitive Co  Air            22%        ∞         100%        8
 Fire Storm               Conj/Fire      48%        8d12      100%        9


Dungeon Overview and Level Annotations

Branches:
Dungeon (15/15)            Temple (1/1) D:6            Lair (6/6) D:10
  Swamp (4/4) Lair:2        Snake (2/4) Lair:4        Slime (0/5) Lair:6
    Orc (2/2) D:10            Elf (0/3) Orc:2        Vaults (0/5) D:13
 Depths (0/5) D:15

Altars:
Ashenzari
Cheibriados
Dithmenos
Elyvilon
Fedhas
Gozag
Hepliaklqana
Kikubaaqudgha
Makhleb
Nemelex Xobeh
Okawaru
Qazlal
Ru
Sif Muna
Trog
Uskayaw
Vehumet
Wu Jian
Xom
Yredelemnul
Zin
The Shining One
Jiyva

Shops:
D:7 [   Orc:2 [=?!!

Portals:
Pandemonium: Orc:2
Trove: D:14 (show abyssal rune of Zot)

Annotations:
D:3 2 transporters, exclusions: downstairs and 1 more exclusion, mk2021's ghost, amateur HuBe
D:5 1 exclusion
D:9 1 exclusion
D:10 3 runed translucent doors, exclusions: 3 doors and 1 more exclusion, Skiberibeda's ghost, journeyman GrFi; bobkasz2's ghost, novice DrFi; doomsgape's ghost, novice MiFi; harness's ghost, journeyman TeWr; kalodont's ghost, novice KoEn
D:11 1 exclusion
D:12 1 exclusion
D:14 1 exclusion
Lair:1 exclusions: downstairs and 1 more exclusion
Lair:4 exclusions: 2 oklob plants and 1 more exclusion
Swamp:1 1 exclusion
Swamp:2 1 exclusion
Swamp:3 2 exclusions
Swamp:4 2 exclusions
Snake:1 1 exclusion
Orc:2 3 runed translucent doors, exclusion: 3 doors, TangoThomas's ghost, journeyman DsGl


Message History

The anaconda bites you!
The black mamba hisses angrily.
You fly upwards.
Level annotation: 1 exclusion You feel sick.
There is a stone staircase leading down here.
Press: ? - help, v - describe, . - travel
Here: a shock serpent (heavily wounded)
The floor.
You feel much better.
You feel sick. The black mamba barely misses you.
The anaconda barely misses you.
The anaconda bites you but does no damage.
The shock serpent bites you! The shock serpent shocks you!
The black mamba bites you!
* * * LOW HITPOINT WARNING * * *
You feel much better.
You feel sick. The anaconda closely misses you. The anaconda bites you.
The shock serpent shoots out a bolt of lightning at you!
The bolt of electricity misses you. The bolt of electricity hits you!!
* * * LOW HITPOINT WARNING * * *
The bolt of electricity hits the shock serpent.
The shock serpent completely resists.
The black mamba closely misses you. The anaconda grabs you.
The anaconda bites you!
* * * LOW HITPOINT WARNING * * *
The anaconda constricts you.
* * * LOW HITPOINT WARNING * * *
The shock serpent closely misses you.
Blink to where?
Press: ? - help, Dir - move target The anaconda's grasp on you weakens, but your attempt to escape fails.
As you read the scroll of blinking, it crumbles to dust.
You feel sick.
The black mamba bites you but does no damage.
The anaconda bites you.
* * * LOW HITPOINT WARNING * * *
The anaconda constricts you.
* * * LOW HITPOINT WARNING * * *
The shock serpent shoots out a bolt of lightning at you!
The bolt of electricity hits you!
You die...

#######'####.######.##......#
............................#
............................#
............................#
............................#
########........###...##'####
#########..(....####..##.####
#......##......S..##........#
#......##......S@.##........#
#......##.......S.##........#
.......##.........##........#
.......##.........##........#
.......##...(.....##........#
.......##.........##........#
.(.....##.........##........#
.......##.........##........#
#############################


You could see an anaconda, a shock serpent and a black mamba.

Vanquished Creatures
  the Lernaean hydra (Swamp:4)
  Bai Suzhen (Swamp:4)
  Jorgrun (D:13)
  A tentacled monstrosity (Swamp:1)
  2 thorn hunters
  A fenstrider witch (Swamp:3)
  An orc warlord (Orc:2)
  Louise (Swamp:3)
  3 ghouls (Swamp:4)
  A very ugly thing (D:15)
  Nessos (D:12)
  3 bunyips
  4 eleionomae
  Snorg (Lair:4)
  Josephine (D:13)
  A fire dragon (D:15)
  22 hydras
  4 vault guards (D:13)
  A shambling mangrove (Swamp:4)
  Erolcha (D:13)
  2 ghost crabs (Swamp:4)
  An ogre mage (D:15)
  5 catoblepae
  4 centaur warriors
  12 alligators
  4 naga warriors (Snake:1)
  A boulder beetle (D:13)
  3 death knights
  A spriggan air mage (Swamp:4)
  5 anacondas (Snake:1)
  11 two-headed ogres
  3 tengu warriors (D:15)
  6 orc high priests (Orc:2)
  2 shock serpents
  4 naga sharpshooters (Snake:1)
  10 death yaks
  A sixfirhy (Orc:2)
  3 spriggan druids
  10 swamp dragons
  5 goliath frogs
  2 gelid demonspawn (Orc:2)
  2 naga ritualists (Snake:1)
  A glowing orange brain (D:15)
  3 bog bodies
  2 torturous demonspawn (Orc:2)
  A lindwurm (Lair:6)
  4 orc knights (Orc:2)
  2 phantasmal warriors (D:13)
  5 deep elf pyromancers
  4 wizards
  2 will-o-the-wisps
  6 orc sorcerers (Orc:2)
  3 manticores
  2 mana vipers (Snake:1)
  5 cyclopes
  2 salamanders (Snake:1)
  21 ugly things
  17 elephants
  2 centaur zombies (D:11)
  14 black mambas
  An orange demon (Orc:2)
  11 naga magi (Snake:1)
  2 gargoyles (D:12)
  A freezing wraith (D:13)
  11 cane toads
  3 rime drakes (Lair:6)
  12 komodo dragons
  A guardian mummy (D:14)
  A red devil (Orc:2)
  2 tengu conjurers (D:15)
  2 polar bears
  8 trolls
  2 bloated husks
  Grinder (D:3)
  5 blink frogs
  A snapping turtle (shapeshifter) (D:15)
  12 hornets
  19 slime creatures
  4 tyrant leeches
  15 dream sheep
  2 centaur simulacra
  A shadow (D:10)
  10 spriggans
  A fire elemental (D:10)
  2 vampires
  5 wyverns
  8 wraiths
  5 basilisks
  61 yaks
  17 vampire mosquitoes
  A neqoxec (Orc:2)
  5 acid dragons
  14 nagas
  3 wargs
  15 swamp worms
  Duvessa (D:4)
  35 water moccasins
  The ghost of Stajl the Sneak, an amateur SpBr (D:3)
  30 orc warriors
  3 black bears
  10 swamp drakes
  A necrophage (D:7)
  8 ogres
  2 centaurs
  4 kobold brigands
  Blork the orc (D:4)
  15 bullfrogs
  A scorpion (D:7)
  Dowan (D:4)
  A water moccasin zombie (D:5)
  12 killer bees (D:9)
  8 howler monkeys
  2 electric eels
  3 bullfrog zombies
  3 hounds
  A jelly (D:7)
  26 orc priests
  2 gnoll shamans
  Jessica (D:3)
  Natasha (thrice) (D:3)
  Terence (D:3)
  2 iguanas
  26 orc wizards
  A scorpion zombie (D:5)
  A howler monkey skeleton (D:4)
  A howler monkey zombie (D:10)
  4 adders
  16 gnolls
  2 white imps (D:6)
  2 ufetubi (D:7)
  3 worms
  2 dart slugs
  81 orcs
  4 bats (D:1)
  9 endoplasms
  2 giant cockroaches
  7 goblins
  12 hobgoblins
  4 jackals (D:1)
  5 quokkas
  9 ball pythons
  2 frilled lizards (D:2)
  17 kobolds
  6 rats
  A bush (Lair:2)
  A foxfire (Snake:1)
905 creatures vanquished.

Vanquished Creatures (collateral kills)
  16 foxfires
16 creatures vanquished.

Vanquished Creatures (others)
  A goliath frog (Swamp:2)
  A bush (Lair:4)
  2469 foxfires
  32 fulminant prisms
  80 fungi
  97 plants
2680 creatures vanquished.

Grand Total: 3601 creatures vanquished

Notes
Turn   | Place    | Note
-------+----------+-------------------------------------------
     0 | D:1      | CuBeRJAN3 the Deep Elf Fire Elementalist began the quest
                  | for the Orb.
     0 | D:1      | Reached XP level 1. HP: 10/10 MP: 6/6
    68 | D:1      | Reached XP level 2. HP: 16/16 MP: 1/8
   726 | D:1      | Reached skill level 1 in Fighting
   765 | D:1      | Reached XP level 3. HP: 20/20 MP: 8/10
   840 | D:1      | Learned a level 3 spell: Conjure Flame
   844 | D:1      | Learned a level 3 spell: Inner Flame
  1624 | D:2      | Reached skill level 4 in Spellcasting
  1931 | D:2      | Reached XP level 4. HP: 25/25 MP: 10/12
  1938 | D:2      | Learned a level 4 spell: Sticky Flame
  1950 | D:2      | Found a faded altar of an unknown god.
  2357 | D:3      | Found a transporter.
  2397 | D:3      | Found a transporter.
  2404 | D:3      | Identified the +4 spear of Gaenamew {venom, *Slow rPois
                  | Dex+3}
  2421 | D:3      | Noticed mk2021's ghost (amateur HuBe)
  2453 | D:3      | Noticed Jessica
  2459 | D:3      | Killed Jessica
  2600 | D:3      | Noticed Terence
  2605 | D:3      | Killed Terence
  2606 | D:3      | Reached skill level 1 in Hexes
  2738 | D:3      | Noticed Grinder
  2775 | D:3      | Noticed Natasha
  2781 | D:3      | Killed Natasha
  2782 | D:3      | Reached XP level 5. HP: 23/30 MP: 8/13
  2949 | D:3      | Noticed Natasha
  2954 | D:3      | Killed Natasha
  3014 | D:3      | Paralysed by Grinder for 2 turns
  3022 | D:3      | Killed Grinder
  3023 | D:3      | Reached skill level 5 in Spellcasting
  3023 | D:3      | Reached XP level 6. HP: 36/36 MP: 9/16
  3380 | D:3      | Noticed Natasha
  3403 | D:3      | Killed Natasha
  3838 | D:4      | Noticed Duvessa
  3841 | D:4      | Noticed Dowan
  3943 | D:4      | Reached XP level 7. HP: 40/40 MP: 5/17
  4078 | D:4      | Found an opulent altar of Gozag.
  4079 | D:4      | Found a glowing golden altar of the Shining One.
  4080 | D:4      | Found a basalt altar of Yredelemnul.
  4080 | D:4      | Found a shadowy altar of Dithmenos.
  4082 | D:4      | Found a white marble altar of Elyvilon.
  4083 | D:4      | Found a hazy altar of Hepliaklqana.
  4239 | D:4      | Learned a level 5 spell: Fireball
  4288 | D:4      | Noticed Blork the orc
  4384 | D:5      | Entered Level 5 of the Dungeon
  4474 | D:5      | Reached skill level 6 in Spellcasting
  4756 | D:5      | Noticed Stajl's ghost (amateur SpBr)
  4756 | D:5      | Found a runed translucent door.
  4843 | D:3      | Killed Stajl's ghost
  4900 | D:5      | Found a runed translucent door.
  5156 | D:5      | Reached skill level 5 in Stealth
  5244 | D:5      | Reached XP level 8. HP: 48/48 MP: 14/20
  5715 | D:5      | Reached skill level 7 in Spellcasting
  5867 | D:5      | Reached skill level 1 in Evocations
  6005 | D:5      | Reached skill level 5 in Fire Magic
  6258 | D:5      | You are sucked into a shaft and drop 2 floors!
  6922 | D:4      | Killed Duvessa
  6931 | D:4      | Killed Dowan
  6932 | D:4      | Reached skill level 8 in Spellcasting
  7162 | D:4      | Killed Blork the orc
  7330 | D:6      | Learned a level 3 spell: Tukima's Dance
  7333 | D:6      | Learned a level 2 spell: Ensorcelled Hibernation
  7336 | D:6      | Found a staircase to the Ecumenical Temple.
  7353 | D:6      | Reached XP level 9. HP: 49/52 MP: 12/23
  7758 | Temple   | Entered the Ecumenical Temple
  7927 | Temple   | Became a worshipper of Sif Muna the Loreminder
  8004 | D:6      | Reached skill level 5 in Hexes
  8512 | D:7      | Found Cocuk's Antique Armour Emporium.
  8574 | D:7      | Bought a glowing cloak for 172 gold pieces
  8842 | D:7      | Reached skill level 5 in Fighting
  9216 | D:7      | Reached skill level 1 in Translocations
  9856 | D:8      | Reached skill level 9 in Spellcasting
  9912 | D:8      | Noticed a death yak
 10086 | D:8      | Reached skill level 5 in Conjurations
 10516 | D:8      | Reached skill level 10 in Spellcasting
 10516 | D:8      | Reached XP level 10. HP: 56/60 MP: 4/26
 10627 | D:8      | Reached * piety under Sif Muna
 11181 | D:8      | Killed a death yak
 11354 | D:8      | Noticed a two-headed ogre
 11371 | D:8      | Killed a two-headed ogre
 12088 | D:9      | Reached skill level 11 in Spellcasting
 12256 | D:9      | Reached skill level 1 in Invocations
 12313 | D:9      | Learned a level 3 spell: Gell's Gravitas
 12317 | D:9      | Learned a level 3 spell: Teleport Other
 13100 | D:10     | Entered Level 10 of the Dungeon
 13394 | D:9      | HP: 3/63 [yak (15)]
 13399 | D:9      | HP: 3/63 [yak (6)]
 13547 | D:9      | Reached XP level 11. HP: 67/67 MP: 7/28
 13701 | D:10     | Reached skill level 1 in Staves
 13799 | D:10     | Found a staircase to the Orcish Mines.
 14101 | D:10     | Found a staircase to the Lair.
 14117 | D:10     | Reached ** piety under Sif Muna
 14422 | D:10     | Noticed a two-headed ogre
 14441 | D:10     | Killed a two-headed ogre
 14886 | D:10     | Noticed kalodont's ghost (novice KoEn)
 14887 | D:10     | Found a runed translucent gate.
 14887 | D:10     | Noticed bobkasz2's ghost (novice DrFi)
 14887 | D:10     | Noticed doomsgape's ghost (novice MiFi)
 14887 | D:10     | Noticed harness's ghost (journeyman TeWr)
 14888 | D:10     | Found a runed translucent gate.
 14888 | D:10     | Found a runed translucent gate.
 14888 | D:10     | Noticed Skiberibeda's ghost (journeyman GrFi)
 15631 | D:10     | Found a staircase to the Orcish Mines.
 15983 | D:11     | Reached skill level 12 in Spellcasting
 15983 | D:11     | Reached skill level 5 in Translocations
 16698 | D:11     | Noticed a deep elf pyromancer
 16975 | D:11     | Noticed a deep elf pyromancer
 17469 | D:11     | Killed a deep elf pyromancer
 17586 | D:11     | Killed a deep elf pyromancer
 17704 | D:11     | Noticed a wizard
 18091 | Lair:1   | Entered Level 1 of the Lair of Beasts
 18104 | Lair:1   | Learned a level 6 spell: Dispersal
 18643 | Lair:1   | Reached XP level 12. HP: 63/73 MP: 15/30
 19405 | Lair:2   | Noticed a five-headed hydra
 19513 | Lair:2   | Killed a five-headed hydra
 19514 | Lair:2   | Reached skill level 5 in Dodging
 19695 | Lair:2   | Learned a level 2 spell: Slow
 19721 | Lair:2   | Found a staircase to the Swamp.
 19826 | Lair:2   | Reached skill level 13 in Spellcasting
 21178 | Lair:2   | Reached *** piety under Sif Muna
 21722 | Lair:3   | Noticed a catoblepas
 21834 | Lair:3   | Noticed a catoblepas
 21856 | Lair:3   | Killed a catoblepas
 21881 | Lair:2   | Reached skill level 5 in Invocations
 23113 | Lair:3   | Reached XP level 13. HP: 67/80 MP: 28/32
 23607 | Lair:4   | Found a frozen archway.
 23619 | Lair:4   | Reached skill level 5 in Evocations
 23732 | Lair:4   | Got the Disquisition on Orientation
 23915 | Lair:3   | Learned a level 4 spell: Iskenderun's Mystic Blast
 24109 | Lair:4   | Reached skill level 1 in Air Magic
 24569 | Lair:4   | Found a staircase to the Snake Pit.
 24578 | Lair:4   | Reached skill level 14 in Spellcasting
 24886 | Lair:4   | Noticed Snorg
 24890 | Lair:4   | Killed Snorg
 24891 | Lair:4   | Reached skill level 5 in Staves
 25229 | Lair:4   | Reached **** piety under Sif Muna
 27092 | Lair:6   | Entered Level 6 of the Lair of Beasts
 27096 | Lair:6   | Identified the +8 arbalest of Koem {vorpal, rElec MP-9
                  | Int+3}
 27124 | Lair:5   | HP: 4/81 [poisoned by a black mamba]
 27129 | Lair:5   | HP: 3/81 [poisoned by a black mamba]
 27353 | Lair:6   | Found a viscous altar of Jiyva.
 27353 | Lair:6   | Found a staircase to the Slime Pits.
 28185 | Lair:6   | Reached XP level 14. HP: 77/87 MP: 18/34
 28710 | Lair:6   | Reached ***** piety under Sif Muna
 29026 | Lair:6   | Reached skill level 10 in Fighting
 29150 | Lair:6   | Reached skill level 15 in Spellcasting
 29291 | Lair:6   | Received a gift from Sif Muna
 29293 | Lair:6   | Got Sif Muna's Grimoire of Enthralling Moulding {god gift}
 29301 | Lair:6   | Learned a level 4 spell: Passage of Golubria
 30349 | Orc:1    | Entered Level 1 of the Orcish Mines
 30605 | Orc:2    | Entered Level 2 of the Orcish Mines
 30605 | Orc:2    | Found a runed translucent gate.
 30605 | Orc:2    | Found a runed translucent gate.
 30609 | Orc:2    | Noticed TangoThomas's ghost (journeyman DsGl)
 30785 | Orc:2    | Noticed an orc warlord
 30792 | Orc:2    | Found a runed translucent gate.
 30798 | Orc:2    | Killed an orc warlord
 31386 | Orc:2    | Found Locyivi's Distillery.
 31609 | Orc:2    | Found Kiocsuho's Distillery.
 31753 | Orc:2    | Bought a potion of heal wounds for 70 gold pieces
 31753 | Orc:2    | Bought a potion of heal wounds for 70 gold pieces
 31755 | Orc:2    | Bought a potion of heal wounds for 70 gold pieces
 31755 | Orc:2    | Bought a potion of curing for 42 gold pieces
 31755 | Orc:2    | Bought 2 potions of invisibility for 224 gold pieces
 32043 | Orc:2    | Reached skill level 10 in Fire Magic
 32469 | Orc:2    | Paralysed by an orc sorcerer for 4 turns
 33113 | Orc:2    | Found Neat's Antique Armour Shoppe.
 33113 | Orc:2    | Found a one-way gate leading to the halls of Pandemonium.
 33113 | Orc:2    | Found Luiptiyb's Jewellery Emporium.
 33126 | Orc:2    | Bought the ring "Xyoq" {Fly rPois rF++ MP+9 Dex-3} for 623
                  | gold pieces
 33760 | Orc:2    | Found Oxtudeb's Magic Scroll Shoppe.
 33768 | Orc:2    | Bought a scroll of blinking for 82 gold pieces
 33768 | Orc:2    | Bought a scroll of teleportation for 33 gold pieces
 33768 | Orc:2    | Bought a scroll of identify for 22 gold pieces
 33768 | Orc:2    | Bought a scroll of teleportation for 33 gold pieces
 33768 | Orc:2    | Bought a scroll of teleportation for 33 gold pieces
 33900 | Orc:2    | Found a staircase to the Elven Halls.
 34822 | Swamp:1  | Entered Level 1 of the Swamp
 34827 | Swamp:1  | Reached XP level 15. HP: 93/93 MP: 25/36
 35082 | Swamp:1  | Noticed a tentacled monstrosity
 35131 | Swamp:1  | Killed a tentacled monstrosity
 35528 | Swamp:1  | Reached skill level 16 in Spellcasting
 36126 | Swamp:2  | Received a gift from Sif Muna
 36128 | Swamp:2  | Got Sif Muna's Reference Book on Confrontation {god gift}
 36171 | Swamp:2  | Reached skill level 10 in Conjurations
 36709 | Swamp:2  | Identified a scroll of acquirement
 36710 | Swamp:2  | Acquired a +2 cloak of willpower
 37027 | Swamp:2  | Identified the +3 scale mail "Ofey" {Str+2 Stlth+}
 37543 | Swamp:3  | Noticed a fenstrider witch
 37545 | Swamp:3  | Noticed a thorn hunter
 37547 | Swamp:3  | Killed a fenstrider witch
 37654 | Swamp:3  | Killed a thorn hunter
 37997 | Swamp:3  | Identified the +1 leather armour of Rotation {Int+2}
 38129 | Swamp:3  | Noticed Louise
 38324 | Swamp:3  | Killed Louise
 38641 | Swamp:4  | Entered Level 4 of the Swamp
 38786 | Swamp:4  | Reached XP level 16. HP: 85/100 MP: 3/38
 38954 | Swamp:4  | Noticed Bai Suzhen
 39062 | Swamp:4  | Killed Bai Suzhen
 39517 | Swamp:3  | Received a gift from Sif Muna
 39529 | Swamp:3  | Learned a level 4 spell: Fulminant Prism
 39678 | Swamp:4  | Noticed a thorn hunter
 39803 | Swamp:4  | Killed a thorn hunter
 39804 | Swamp:4  | Reached skill level 17 in Spellcasting
 40975 | Swamp:4  | Noticed the 27-headed Lernaean hydra
 41266 | Swamp:4  | Reached skill level 10 in Dodging
 41332 | Swamp:4  | Got a decaying rune of Zot
 41434 | Swamp:4  | Killed the 27-headed Lernaean hydra
 42233 | D:11     | Got the Collected Works on Lightness
 42485 | D:11     | Reached skill level 10 in Translocations
 42591 | D:12     | Received a gift from Sif Muna
 42594 | D:12     | Got Sif Muna's Disquisition on the Virous Oath {god gift}
 43492 | D:13     | Noticed Jorgrun
 43629 | D:13     | Killed Jorgrun
 43721 | D:13     | Noticed Nessos
 43821 | D:12     | Reached XP level 17. HP: 58/106 MP: 40/40
 43868 | D:12     | Killed Nessos
 43947 | D:13     | Noticed Josephine
 43952 | D:13     | Killed Josephine
 44151 | D:13     | Noticed Erolcha
 44163 | D:13     | Killed Erolcha
 45532 | D:13     | Found a gate to the Vaults.
 46196 | D:14     | Reached skill level 18 in Spellcasting
 46608 | D:14     | Found a portal to a secret trove of treasure.
 46724 | D:15     | Entered Level 15 of the Dungeon
 49039 | D:15     | Found a staircase to the Depths.
 49323 | Snake:1  | Entered Level 1 of the Snake Pit
 49487 | Snake:1  | Learned a level 5 spell: Lightning Bolt
 49922 | Snake:1  | Found a burning altar of Makhleb.
 50230 | Snake:1  | Reached skill level 10 in Evocations
 50400 | Snake:1  | Reached skill level 10 in Invocations
 50895 | Snake:1  | Received a gift from Sif Muna
 51092 | Snake:1  | Got Sif Muna's Reference Book on Spatial Conjuration {god
                  | gift}
 51379 | Snake:1  | Reached XP level 18. HP: 113/113 MP: 34/42
 52243 | Snake:1  | Killed from afar by a shock serpent

Illustrated notes

Levels and vault maps discovered:
D:1:      scummos_arrival_simple_fountains, layout_loops_ring
D:2:      layout_basic, dilly_ecumenical_altar_fadedgnrine
D:3:      layout_basic, gammafunk_ghost_gnarly_gnolls, uniq_grinder,
          uniq_jessica, uniq_natasha, uniq_terence
D:4:      layout_cave_pools, grunt_temple_overflow_open, uniq_blork_the_orc,
          uniq_duvessa
D:5:      cheibrodos_thug_alley, layout_loops_ring, ebering_ghost_sewer_f,
          portal_sewer_entry_d
D:6:      minmay_klotski, layout_cave_pools, minmay_temple_entry_grid
D:7:      layout_basic, serial_shops, kennysheep_little_box
D:8:      argonaut_augean_stables, layout_loops_ring, minivault_24
D:9:      layout_loops_ring
D:10:     layout_stronghold, due_lair_maze_entry_diamond, david_orc_2,
          gammafunk_ghost_cemetery, enter_bailey_4
D:11:     cheibrodos_lost_city_excavation, layout_cave_pods,
          minmay_misc_feat_more_columns
D:12:     layout_long_grid
D:13:     layout_cave_pools, lightli_vaults_fourway_checkpoint, uniq_josephine,
          uniq_jorgrun, uniq_nessos, uniq_erolcha
D:14:     layout_rooms, kennysheep_donut, nicolae_trove_entry_path_of_doom
D:15:     gammafunk_enter_depths_forms, layout_irregular_city,
          minmay_stone_trees_medium
Temple:   eino_temple_scatter_basement
Lair:1:   layout_loops_ring, beast_lair_carwin_11
Lair:2:   layout_loops_ring, minmay_swamp_entry_swarm, grunt_megastairs_3
Lair:3:   layout_gridlike, nicolae_volcano_entry_batcave,
          chequers_serial_rivers_micro_a, beast_lair_carwin_8,
          grunt_megastairs_2
Lair:4:   layout_roguey, guppyfry_snake_entry_island, gauntlet_entry_generic,
          portal_ice_cave_entry_pillars_1, grunt_megastairs_4,
          minmay_lair_oklob_chamber, uniq_snorg
Lair:5:   layout_long_grid
Lair:6:   evilmike_catoblepas_cave, layout_cave_pods, slime_altar_1,
          lemuel_fruit_tree
Swamp:1:  layout_basic_swamp, serial_swamp_ruin, evilmike_swamp_ruin_house_2,
          evilmike_swamp_ruin_house_1, infiniplex_staircase_pool
Swamp:2:  layout_falls_marsh, nicolae_swamp_some_circles
Swamp:3:  layout_basic_swamp, nicolae_swamp_orc_logging_accident, swamp_pool1,
          uniq_louise
Swamp:4:  swamp_old_school, layout_basic_swamp, uniq_bai_suzhen
Snake:1:  layout_grid_maze, basic_altar, guppyfry_library_mini
Snake:2:  layout_basic, nicolae_snake_gridmaze_waves,
          nicolae_shop_sticking_my_neck_out
Orc:1:    layout_caves
Orc:2:    pf_orc_diabolical, layout_caves, serial_shops, shop,
          gammafunk_ghost_split

Skill      XL: |  1  2  3  4  5  6  7  8  9 10 11 12 13 14 15 16 17 |
---------------+----------------------------------------------------+-----
Fighting       | 1 2 3 4 6 7 8 9 10 11 12 | 12.6
Stealth        | 3 4 5 |  5.1
Spellcasting   | 4 5 6 8 10 11 12 13 14 15 16 17 18 | 18.6
Conjurations   | 2 3 4 5 6 7 8 9 10 11 | 11.7
Hexes          | 1 2 3 4 5 |  5.1
Fire Magic     | 4 5 6 7 8 9 10 11 12 | 12.1
Evocations     | 2 4 6 7 8 9 10 | 10.1
Translocations | 2 4 5 6 7 8 9 10 | 10.8
Invocations    | 1 3 5 6 7 8 9 10 | 10.1
Staves         | 3 4 5 6 7 8 9 |  9.3
Dodging        | 4 6 7 8 9 10 11 | 11.1
Air Magic      | 2 3 |  3.2

Action                   |  1- 3 |  4- 6 |  7- 9 | 10-12 | 13-15 | 16-18 || total
-------------------------+-------+-------+-------+-------+-------+-------++-------
Melee: Dagger            |    19 |     2 |       |       |       |       ||    21
       Mace              |       |     4 |    34 |       |       |       ||    38
       Staff             |       |       |       |    92 |    75 |    18 ||   185
       Whip              |       |       |       |    11 |       |       ||    11
 Cast: Foxfire           |    77 |    76 |   281 |   305 |   465 |   259 ||  1463
       Inner Flame       |       |     4 |    11 |     3 |       |       ||    18
       Conjure Flame     |       |       |    18 |    30 |     1 |       ||    49
       Sticky Flame      |       |       |    11 |   126 |   103 |     1 ||   241
       Ensorcelled Hiber |       |       |     1 |     1 |       |       ||     2
       Fireball          |       |       |    12 |    83 |   225 |   314 ||   634
       Gell's Gravitas   |       |       |       |     4 |     1 |     1 ||     6
       Teleport Other    |       |       |       |     4 |       |     1 ||     5
       Dispersal         |       |       |       |     1 |     4 |       ||     5
       Slow              |       |       |       |     1 |     4 |     1 ||     6
       Iskenderun's Myst |       |       |       |       |    70 |   125 ||   195
       Lightning Bolt    |       |       |       |       |     2 |     5 ||     7
       Fulminant Prism   |       |       |       |       |       |    32 ||    32
       Tukima's Dance    |       |       |       |       |       |     1 ||     1
Invok: Channel Magic     |       |       |       |     2 |       |       ||     2
       Divine Exegesis   |       |       |       |       |     2 |     1 ||     3
Evoke: Wand              |       |       |       |     1 |       |       ||     1
  Use: Scroll            |       |       |     8 |    10 |     9 |     5 ||    32
       Potion            |       |       |       |     3 |       |     6 ||     9
 Stab: Petrified         |       |       |       |     3 |       |       ||     3
Armor: Robe              |     3 |       |     5 |    75 |    97 |       ||   180
       Leather armour    |       |       |       |       |     1 |    70 ||    71
Dodge: Dodged            |    17 |     4 |    62 |   206 |   254 |   147 ||   690
